 Dungeon Crawl Stone Soup version 0.17-a0-1910-g4c791fa (webtiles) character file.

206 DecibelRebel the Slasher (level 5, -1/34 HPs)
             Began as a High Elf Warper on Sept 26, 2015.
             Slain by a big kobold
             ... wielding a +2 dagger of electrocution
              (19 damage)
             ... in a sewer.
             The game lasted 00:09:23 (2171 turns).

DecibelRebel the Slasher (High Elf Warper)          Turns: 2171, Time: 00:09:24

Health: -1/34      AC:  7    Str: 10    XL:     5   Next: 53%
Magic:  9/9        EV: 11    Int: 16    God:
Gold:   74         SH:  0    Dex: 18    Spells: 1 memorised, 7 levels left

rFire  . . .     SeeInvis .     a - +0 falchion
rCold  . . .     Clarity  .     n - +0 ring mail
rNeg   . . .     SustAt   .     (no shield)
rPois  +         Gourm    .     s - +0 helmet
rElec  .         Spirit   .     y - +0 cloak
rCorr  .         Warding  .     (no gloves)
rMut   .         Stasis   .     (no boots)
MR     .....                    k - amulet of regeneration
Stlth  +.........               w - ring of poison resistance
                                o - +2 ring of dexterity

@: not resistant to hostile enchantments, very unstealthy
A: no striking features
a: no special abilities


You were in a sewer.
You were not hungry.

You visited 1 branch of the dungeon, and saw 3 of its levels.
You also visited: Sewer.

You collected 74 gold pieces.

Inventory:

Hand weapons
 a - a +0 falchion (weapon)
Missiles
 e - a tomahawk of dispersal (quivered)
 t - 2 poisoned arrows
Armour
 b - a +0 leather armour
 n - a +0 ring mail (worn)
 s - a +0 helmet (worn)
 y - a +0 cloak (worn)
Jewellery
 k - an amulet of regeneration (around neck)
 o - a +2 ring of dexterity (left hand)
 w - a ring of poison resistance (right hand)
Scrolls
 d - 3 scrolls of blinking
 g - 2 scrolls of remove curse {unknown}
 h - 2 scrolls of noise {unknown}
 l - a scroll of fear {unknown}
 m - a scroll of teleportation {unknown}
 u - a scroll of enchant weapon {unknown}
 C - a scroll of identify {unknown}
 F - a scroll of magic mapping {unknown}
Potions
 i - 2 potions of heal wounds {unknown}
 j - 2 potions of degeneration {unknown}
 q - 2 potions of curing {unknown}
 r - 2 potions of poison {unknown}
 x - a potion of haste {unknown}
 z - a potion of cancellation {unknown}
 A - a potion of mutation {unknown}
 B - a potion of might
 G - a potion of magic {unknown}
Books
 c - a book of Spatial Translocations

   Spells                             Type                      Level
   a - Apportation                    Translocation                1
   b - Blink                          Translocation                2
   c - Shroud of Golubria             Charms/Translocation         2
   d - Portal Projectile              Translocation                3
   e - Teleport Other                 Translocation                3
   f - Passage of Golubria            Translocation                4
Comestibles
 f - 3 bread rations
 p - 3 fruits
 v - a slice of pizza
 D - a chunk of flesh
 E - a meat ration


   Skills:
 - Level 2.0 Fighting
 * Level 7.1 Long Blades
 - Level 1.1 Throwing
 - Level 0.8 Armour
 - Level 2.1 Dodging
 - Level 2.4 Spellcasting
 - Level 3.2 Translocations


You had 7 spell levels left.
You knew the following spells:

 Your Spells              Type           Power        Failure   Level  Hunger
a - Apportation           Tloc           ##........   17%         1    #......


Dungeon Overview and Level Annotations

Branches:
Dungeon (3/15)

Altars:
Fedhas


Message History

You enter the shallow water.
Moving in this stuff is going to be slow.
The big kobold throws a stone.
The stone hits you.
You hear a splash.
The big kobold splashes around in the water.
You hit the big kobold but do no damage.
You hit the big kobold.
The big kobold is lightly wounded.
The big kobold hits you with a dagger of electrocution.
You are electrocuted!
You hit the big kobold.
The big kobold is moderately wounded.
The big kobold splashes around in the water.
Your ring mail prevents you from hitting the big kobold.
The big kobold is moderately wounded.
The big kobold splashes around in the water.
The big kobold hits you with a dagger of electrocution.
You are electrocuted!
Ouch! That really hurt!
You die...

#≈≈≈(.# ##≈.≈## #≈≈.#
#≈≈≈# #.≈≈## ### #≈≈..##
.≈≈≈.##### #.≈≈..####
#.≈≈KK########≈≈≈≈≈.≈≈
K≈≈≈≈###@≈.≈≈≈≈####≈≈≈≈≈.
####### #(≈≈≈≈≈≈≈# ##.≈.≈.
#.≈≈≈≈###≈..≈≈.≈.####≈..≈≈
#####≈≈≈≈≈####≈≈≈≈##≈≈.≈≈.
#.≈≈≈≈##### ##≈≈≈≈≈....≈.
####### ##≈≈≈≈≈≈....
#.≈...≈.... #≈≈≈≈≈≈.∩.∩
#≈≈...≈....


You could see 2 big kobolds.

Vanquished Creatures
  A big kobold (Sewer)
  A river rat (D:3)
  6 adders
  3 worms
  4 giant geckos (D:3)
  An orc (D:3)
  5 bats
  3 giant cockroaches
  6 goblins
  9 hobgoblins
  5 jackals
  A quokka (D:2)
  3 giant newts
  5 kobolds
  4 rats
57 creatures vanquished.

Notes
Turn   | Place    | Note
--------------------------------------------------------------
     0 | D:1      | DecibelRebel the High Elf Warper began the quest for the Orb.
     0 | D:1      | Reached XP level 1. HP: 14/14 MP: 4/4
   369 | D:1      | Reached XP level 2. HP: 9/19 MP: 6/6
   676 | D:2      | Reached skill level 4 in Long Blades
   732 | D:2      | Reached XP level 3. HP: 24/24 MP: 7/7
   796 | D:2      | Found a blossoming altar of Fedhas.
  1343 | D:2      | Reached skill level 5 in Long Blades
  1618 | D:3      | Reached XP level 4. HP: 26/29 MP: 8/8
  1924 | D:3      | Found a glowing drain.
  1928 | Sewer    | Entered a sewer
  1975 | Sewer    | Noticed a big kobold
  1992 | Sewer    | Reached skill level 6 in Long Blades
  1999 | Sewer    | Killed a big kobold
  1999 | Sewer    | Reached XP level 5. HP: 10/34 MP: 9/9
  2085 | Sewer    | Reached skill level 7 in Long Blades
  2156 | Sewer    | Noticed a big kobold
  2156 | Sewer    | Noticed a big kobold
  2171 | Sewer    | Slain by a big kobold

Vault maps used:
D:1:      minmay_arrival_jagged, hangedman_abyss_or_decor_lesser_grid,
          minivault_25
D:2:      overflow_temple_1_default
D:3:      first_bread, gup_sewer_entry_spiral, serial_bayou_lake_a
Sewer:    sewer_co_tree

Action                   |  1- 3 |  4- 6 || total
-------------------------+-------+-------++-------
Melee: Falchion          |   169 |   110 ||   279
Throw: Tomahawk          |     4 |       ||     4
  Use: Potion            |       |     1 ||     1
  Eat: Chunk             |     3 |     3 ||     6
